 Dungeon Crawl Stone Soup version 0.25-a0-189-gf71692caf1 (webtiles) character file.

Game seed: 5166440809242213217, levelgen mode: deterministic

2197 floatRand the Blocker (level 9, 0/96 HPs)
             Began as a Formicid Fighter on Nov 30, 2019.
             Succumbed to a killer bee's poison
             ... on level 8 of the Dungeon.
             The game lasted 00:13:04 (7562 turns).

floatRand the Blocker (Formicid Fighter)            Turns: 7562, Time: 00:13:05

Health: 0/96       AC: 24    Str: 22    XL:     9   Next: 60%
Magic:  18/18      EV:  2    Int:  9    God:
Gold:   303        SH: 11    Dex: 11    Spells: 8/8 levels left

rFire    . . .     SeeInvis .   a - +0 war axe
rCold    . . .     Gourm    .   c - +0 shield
rNeg     + + +     Faith    .   (armour currently unavailable)
rPois    +         Spirit   .   (helmet unavailable)
rElec    .         Reflect  .   (cloak currently unavailable)
rCorr    .         Harm     .   (gloves currently unavailable)
MR       .....                  (boots currently unavailable)
Stlth    ++++......             (no amulet)
HPRegen  0.26/turn              q - ring of magical power
MPRegen  0.16/turn              (no ring)

@: lethally poisoned (0 -> -4), tree-form
A: permanent stasis, dig shafts and tunnels, four strong arms
a: no special abilities


You were on level 8 of the Dungeon.
You were not hungry.
You were a tree.
You visited 1 branch of the dungeon, and saw 8 of its levels.
You also visited: Sewer.

You collected 303 gold pieces.

Inventory:

Hand Weapons
 a - a +0 war axe (weapon)
 i - a +5 quarterstaff of protection
Missiles
 b - 6 javelins
 k - 6 curare-tipped darts (quivered)
Armour
 c - a +0 shield (worn)
 g - a +1 ring mail of cold resistance (melded)
Jewellery
 d - an uncursed ring of see invisible
 n - an uncursed amulet of faith
 q - a ring of magical power (left branch)
Scrolls
 h - 2 scrolls of identify
 o - a scroll of remove curse
 w - 2 scrolls of immolation
Potions
 j - 2 potions of flight
 l - a potion of haste
 m - 2 potions of mutation
 v - a potion of brilliance {unknown}
Comestibles
 f - 11 rations


   Skills:
 - Level 3.2 Fighting
 + Level 7.2 Axes
 - Level 3.2 Armour
 + Level 9.0 Stealth
 + Level 9.1 Shields


You had 8 spell levels left.
You didn't know any spells.
Your spell library contained the following spells:

 Spells                   Type           Power        Failure   Level  Hunger
 Corona                   Hex            #......      38%         1    ##.....
 Flame Tongue             Conj/Fire      #....        38%         1    ##.....
 Ensorcelled Hibernation  Hex/Ice        #.....       52%         2    ###....
 Throw Flame              Conj/Fire      #.....       52%         2    ###....
 Confuse                  Hex            #.......     77%         3    ####...
 Conjure Flame            Conj/Fire      #.......     77%         3    ####...
 Dazzling Spray           Conj/Hex       #.....       77%         3    ####...
 Inner Flame              Hex/Fire       #.......     77%         3    ####...
 Tukima's Dance           Hex            #.......     77%         3    ####...
 Sticky Flame             Conj/Fire      #.......     99%         4    #####..
 Fireball                 Conj/Fire      #.........   100%        5    ######.


Dungeon Overview and Level Annotations

Branches:
Dungeon (9/15)             Temple (0/1) D:6           Sewer (visited)
   Lair: D:8-11         Orc: D:9-12

Altars:
Elyvilon
Gozag
Hepliaklqana
Kikubaaqudgha
Qazlal
Yredelemnul
Zin

Shops:
D:9 (

Annotations:
D:5 should have used curare i guess


Innate Abilities, Weirdness & Mutations

You cannot be hasted, slowed, berserked, paralysed or teleported.
You can dig through walls and to a lower floor.
Your four strong arms can wield two-handed weapons with a shield.
((You have a pair of large antennae on your head. (SInv)))


Message History

You closely miss the killer bee.
The killer bee is severely wounded.
The killer bee stings you but does no damage. x2
You hit the killer bee.
The killer bee is severely wounded.
You feel sick.
You are no longer poisoned.
You block the killer bee's attack. x2
The killer bee stings you but does no damage.
Unknown command.
You miss the killer bee.
The killer bee is severely wounded.
The killer bee stings you.
* * * LOW HITPOINT WARNING * * *
You are lethally poisoned!
The killer bee poisons you!
The killer bee stings you but does no damage.
You barely miss the killer bee.
The killer bee is severely wounded.
You die...

#%.. #... #.>.
#...
####..)#####
....(.....)#
.#.....##.#
#.###.##.###
##.##.oy♣...#
##.$.##.##)#.#
#.....####.#.#
?......###...#
..._....>...##
.......####.#
#.....# #.#
##...#
###.########
##.#
#..........#


You could see a killer bee and an orc.

Vanquished Creatures
  A yak (D:8)
  Menkaure (D:5)
  A water moccasin (D:6)
  3 porcupines (D:8)
  An orc warrior (D:6)
  A sky beast (D:5)
  A phantom (D:5)
  An ogre (D:5)
  A centaur (D:5)
  5 bullfrogs
  A scorpion (D:8)
  2 killer bees (D:8)
  A jelly (D:6)
  A crimson imp (D:6)
  3 hounds
  An orc priest (D:3)
  3 orc wizards
  Jessica (D:2)
  4 worker ants
  Ijyb (D:5)
  3 adders
  4 gnolls (D:4)
  A shadow imp (D:5)
  An ooze (D:3)
  3 adder skeletons
  4 worms
  4 dart slugs
  10 leopard geckos
  23 orcs
  5 ball pythons
  6 giant cockroaches
  7 goblins
  6 hobgoblins
  5 quokkas
  4 bats
  14 frilled lizards
  2 gnoll zombies (D:4)
  9 kobolds
  A leopard gecko zombie (D:5)
  A quokka skeleton (D:5)
  8 rats
155 creatures vanquished.

Vanquished Creatures (others)
  A bush (D:5)
  16 fungi (D:8)
  A plant (D:8)
18 creatures vanquished.

Grand Total: 173 creatures vanquished

Notes
Turn   | Place    | Note
-------+----------+-------------------------------------------
     0 | D:1      | floatRand the Formicid Fighter began the quest for the Orb.
     0 | D:1      | Reached XP level 1. HP: 18/18 MP: 1/1
   183 | D:1      | Reached skill level 1 in Stealth
   183 | D:1      | Reached XP level 2. HP: 20/24 MP: 2/2
   676 | D:1      | Reached XP level 3. HP: 29/29 MP: 3/3
   991 | D:2      | Noticed Jessica
   996 | D:2      | Killed Jessica
   996 | D:2      | Reached XP level 4. HP: 35/35 MP: 4/4
  1674 | D:2      | Found a white marble altar of Elyvilon.
  2014 | D:3      | Reached XP level 5. HP: 5/41 MP: 5/5
  2083 | D:3      | Found a glowing drain.
  2156 | Sewer    | Entered a sewer
  2355 | Sewer    | Reached skill level 5 in Shields
  2567 | Sewer    | Noticed a bullfrog
  2569 | Sewer    | Noticed a bullfrog
  2575 | Sewer    | Killed a bullfrog
  2575 | Sewer    | Reached XP level 6. HP: 41/47 MP: 6/6
  2797 | D:3      | Found a white marble altar of Elyvilon.
  3193 | D:3      | You fall into a shaft and drop 3 floors!
  3193 | D:6      | Found a glowing silver altar of Zin.
  3205 | D:6      | Noticed a water moccasin
  3215 | D:6      | Killed a water moccasin
  3215 | D:6      | Reached skill level 5 in Stealth
  3215 | D:6      | Reached XP level 7. HP: 18/52 MP: 7/7
  3442 | D:5      | Entered Level 5 of the Dungeon
  3473 | D:5      | Noticed Ijyb
  3512 | D:5      | Killed Ijyb
  3986 | D:4      | Found a stormy altar of Qazlal.
  4232 | D:4      | Reached skill level 5 in Axes
  4325 | D:4      | Found an ancient bone altar of Kikubaaqudgha.
  4373 | D:4      | Reached XP level 8. HP: 51/58 MP: 8/8
  5204 | D:4      | Found a basalt altar of Yredelemnul.
  5853 | D:5      | Noticed Menkaure
  5861 | D:5      | Killed Menkaure
  6727 | D:6      | Reached XP level 9. HP: 52/64 MP: 9/9
  6791 | D:6      | You fall into a shaft and drop 3 floors!
  6796 | D:9      | Found an opulent altar of Gozag.
  6824 | D:9      | Found Cohe's Weapon Emporium.
  6830 | D:8      | Found a hazy altar of Hepliaklqana.
  7209 | D:8      | Noticed a hornet
  7558 | D:8      | HP: 3/96 [killer bee (4)]
  7561 | D:8      | HP: 1/96 [killer bee (2)]
  7562 | D:8      | Succumbed to a killer bee's poison

Levels and vault maps discovered:
D:1:      dpeg_arrival_water_fire, layout_basic, minivault_25
D:2:      layout_basic, minivault_25, minivault_23, elyvilon_altar_1,
          uniq_jessica
D:3:      layout_basic, lemuel_doored_altar, portal_sewer_entry_f, st_stairs_1
D:4:      layout_basic, lemuel_zombie_altar_yredelemnul, grunt_qazlal_clouds,
          kiku_gazebo_pond_becter
D:5:      layout_loops_corners, first_ration, minmay_misc_feat_tiny,
          kb_lookout_dungeons_type, uniq_ijyb, uniq_menkaure
D:6:      layout_basic, zin_academy, bloody_trog, minmay_temple_entry_offerings
D:8:      layout_loops_cross, lemuel_round_altar, due_lair_maze_entry_diamond,
          minmay_shop_chei, uniq_harold, uniq_erica
D:9:      minmay_the_grid_square_5x5_4x4 [minmay_the_grid_square_5x5_inner_v,
          minmay_the_grid_square_5x5_sharp_hourglass,
          minmay_the_grid_square_5x5_n, minmay_the_grid_square_5x5_pentomino_r,
          minmay_the_grid_square_5x5_spiral_small,
          minmay_the_grid_square_5x5_prize_snowflake,
          minmay_the_grid_square_5x5_prize_open,
          minmay_the_grid_square_5x5_n_small, minmay_the_grid_square_5x5_corner,
          minmay_the_grid_square_5x5_prize_waves,
          minmay_the_grid_square_5x5_prize_gold,
          minmay_the_grid_square_5x5_misaligned,
          minmay_the_grid_square_5x5_half_checkered,
          minmay_the_grid_square_5x5_six_small, minmay_the_grid_square_5x5_mess,
          minmay_the_grid_square_5x5_three], layout_rooms,
          nicolae_overflow_hidden_temple, serial_shops, shop, shop, shop, shop

Skill      XL: |  1  2  3  4  5  6  7  8  9 |
---------------+----------------------------+-----
Stealth        | 1 2 3 4 5 6 7 9 |  9.0
Shields        | 4 5 6 8 9 |  9.1
Axes           | 3 4 5 6 7 |  7.2
Fighting       | |  3.2
Armour         | |  3.2

Action                   |  1- 3 |  4- 6 |  7- 9 || total
-------------------------+-------+-------+-------++-------
Melee: War axe           |    51 |   240 |   307 ||   598
       Unarmed           |       |       |    27 ||    27
 Abil: Dig               |       |       |     2 ||     2
  Use: Scroll            |       |     4 |     8 ||    12
       Potion            |       |     1 |     9 ||    10
 Stab: Sleeping          |     1 |     4 |     4 ||     9
  Eat: Chunk             |       |     8 |    11 ||    19
       Ration            |       |       |     1 ||     1
Armor: Scale mail        |    11 |       |       ||    11
       Ring mail         |    15 |    73 |    38 ||   126
       Skin              |       |       |    84 ||    84
Dodge: Dodged            |    12 |    73 |    97 ||   182
Block: Shield            |    25 |   128 |   183 ||   336

Table legend:
 A = Non-vault XP
 B = Vault XP
 C = Vault XP percentage of total XP
 D = Non-vault monster count
 E = Vault monster count
 F = Vault count percentage of total count
                 A         B        C        D         E       F
            +---------+---------+-------+---------+---------+-------
      Total |    2029 |    1110 |  35.4 |     119 |      36 |  23.2
            +---------+---------+-------+---------+---------+-------
        D:1 |      35 |       0 |   0.0 |      21 |       0 |   0.0
        D:2 |      45 |      37 |  45.1 |      21 |       1 |   4.5
        D:3 |     106 |      24 |  18.5 |      24 |       8 |  25.0
        D:4 |     207 |       2 |   1.0 |      14 |       2 |  12.5
        D:5 |     608 |     319 |  34.4 |      19 |       3 |  13.6
        D:6 |     395 |       0 |   0.0 |       7 |       0 |   0.0
        D:8 |     633 |     507 |  44.5 |      13 |       4 |  23.5
      Sewer |       0 |     221 | 100.0 |       0 |      18 | 100.0
            +---------+---------+-------+---------+---------+-------
